 Dungeon Crawl Stone Soup version 0.31-a0-986-g5e6e4ef867 (webtiles) character file.

Game seed: 17817982852036124852

96 IdlyInterested the Trooper (level 4, -4/36 HPs)
             Began as a Demonspawn Wanderer on Nov 17, 2023.
             Killed from afar by an electric eel (9 damage)
             ... with a bolt of electricity
             ... on level 3 of the Dungeon.
             The game lasted 00:06:56 (2796 turns).

IdlyInterested the Trooper (Demonspawn Wanderer)    Turns: 2796, Time: 00:06:57

Health: -4/36      AC:  5    Str: 15    XL:     4   Next: 41%
Magic:  7/7        EV: 26    Int: 15    God:
Gold:   152        SH:  0    Dex: 10    Spells: 7/7 levels left

rFire   + . .        x - +0 quarterstaff
rCold   . . .        (shield currently unavailable)
rNeg    . . .        y - +2 robe {rF+}
rPois   .            (no helmet)
rElec   .            (no cloak)
rCorr   .            u - +0 pair of gloves
SInv    .            (no boots)
Will    .....        k - amulet of the acrobat
Stlth   +            e - ring of wizardry
HPRegen 0.26/turn    (no ring)
MPRegen 0.10/turn

%: acrobat, wizardry (x1)
@: acrobatic
A: claws 1, demonic guardian 1, foul stench 1
a: no special abilities


You were on level 3 of the Dungeon.
You visited 1 branch of the dungeon, and saw 3 of its levels.

You collected 152 gold pieces.

Inventory:

Hand Weapons
 x - a +0 quarterstaff (weapon)
Missiles
 b - 20 poisoned darts (quivered)
 o - 12 stones
Armour
 u - a +0 pair of gloves (worn)
 y - a +2 robe of fire resistance (worn)
Jewellery
 e - a ring of wizardry (left hand)
 k - an amulet of the acrobat (around neck)
Talismans
 l - a flux talisman
Wands
 a - a wand of flame (3)
Scrolls
 c - 2 scrolls of blinking
 j - a scroll of noise
 p - a scroll of immolation
 r - a scroll of fear
 t - a scroll of vulnerability {unknown}
Potions
 f - 5 potions of curing {unknown}
 g - 3 potions of brilliance
 i - a potion of magic {unknown}
 v - a potion of enlightenment {unknown}
 w - a potion of might {unknown}


   Skills:
 + Level 3.6 Fighting
 - Level 1.0 Throwing
 - Level 2.0 Armour
 - Level 1.0 Dodging
 - Level 1.0 Stealth
 * Level 0.6 Unarmed Combat
 - Level 2.0 Spellcasting
 - Level 2.0 Conjurations
 - Level 1.0 Fire Magic
 + Level 0.5 Evocations
 - Level 1.0 Shapeshifting


You had 7 spell levels left.
You didn't know any spells.
Your spell library contained the following spells:

 Spells                   Type           Power      Damage    Failure   Level
 Foxfire                  Conj/Fire      24%        2x1d5     4%          1
 Shock                    Conj/Air       16%        1d4       6%          1
 Apportation              Tloc           2%         N/A       9%          1
 Static Discharge         Conj/Air       8%         3-4/arc   9%          2
 Jinxbite                 Hex            2%         N/A       13%         2
 Stone Arrow              Conj/Erth      8%         3d7       17%         3
 Inner Flame              Hex/Fire       3%         N/A       21%         3
 Tukima's Dance           Hex            1%         N/A       26%         3
 Passage of Golubria      Tloc           1%         N/A       61%         4
 Alistair's Intoxication  Tmut/Pois      0%         N/A       91%         5
 Silence                  Hex/Air        0%         N/A       91%         5
 Yara's Violent Unravell  Hex/Tmut       0%         3d3       91%         5
 Lehudib's Crystal Spear  Conj/Erth      2%         10d2      100%        8


Dungeon Overview and Level Annotations

Branches:
Dungeon (3/15)

Altars:

Annotations:
D:3 1 transporter


Innate Abilities, Weirdness & Mutations

You have sharp fingernails.
A weak demonic guardian rushes to your aid.
You may rarely emit foul miasma when damaged in melee.


Message History

Moving in this stuff is going to be slow.
There is a stone staircase leading up here.
You now have 152 gold pieces (gained 12).
There is a stone staircase leading up here.
You enter the shallow water.
Moving in this stuff is going to be slow.
Partly explored, unvisited transporter and can't reach some places.
Partly explored, unvisited transporter and can't reach some places.
There is a transporter here.
You enter the transporter and appear at another place.
a - a wand of flame (5)
You open the door.
The electric eel shoots out a bolt of lightning at you!
The bolt of electricity hits you.
The electric eel shoots out a bolt of lightning at you!
The bolt of electricity hits you!
Aiming: Throw Flame
Press: ? - help, Shift-Dir - straight line, f - electric eel
Aim: an electric eel (48% to hit)
The puff of flame misses the electric eel.
The electric eel is engulfed in a cloud of scalding steam.
The electric eel shoots out a bolt of lightning at you!
The bolt of electricity hits you!
Aiming: Throw Flame
Press: ? - help, Shift-Dir - straight line, f - electric eel, p - electric eel
Aim: an electric eel (48% to hit)
The puff of flame hits the electric eel.
The electric eel is moderately wounded.
The electric eel is engulfed in a cloud of scalding steam.
The electric eel shoots out a bolt of lightning at you!
The bolt of electricity hits you!
* * * LOW HITPOINT WARNING * * *
A demonic guardian appears!
The bolt of electricity hits your white imp.
The electric eel is engulfed in a cloud of scalding steam.
The electric eel is engulfed in a cloud of scalding steam.
You kill the electric eel!
The electric eel shoots out a bolt of lightning at you!
The bolt of electricity hits you!
You die...

....#.......#~~~~~#.###.......#
....#.......#~~~~~#.# #.......#
....#.......#~~~~~#.###.......#
.P.#........#~~⌠~~#.#.........#
PP.#........#~~S~§#...........#
...#........#~...§#...........#
P##.........#~...S#......##.###
.#..........###'###......##.#
#....#......#P..@P#......##.#
######.####.#8.5.8#......##.#
#.# #<.#######......##.#
######.###.....©........###.#
....##.....###...#.....)# #.#
#......#######..##......# #.#
#.####.......#.######..####.#
..# ##..###..#.# #..###..###
.## #.......##.# ##.#.......#


You could see 2 electric eels and a friendly white imp (summoned).

Vanquished Creatures
  An electric eel (D:3)
  4 dart slugs
  2 orcs (D:3)
  3 ball pythons (D:3)
  7 bats
  7 endoplasms
  2 giant cockroaches
  2 goblins
  6 hobgoblins
  2 jackals (D:1)
  3 frilled lizards
  3 kobolds
  5 rats
47 creatures vanquished.

Vanquished Creatures (collateral kills)
  Jessica (D:3)
  An adder (D:3)
2 creatures vanquished.

Grand Total: 49 creatures vanquished

Notes
Turn   | Place    | Note
-------+----------+-------------------------------------------
     0 | D:1      | IdlyInterested the Demonspawn Wanderer began the quest for
                  | the Orb.
     0 | D:1      | IdlyInterested set off with the following items: a +0
                  | dagger, 13 poisoned darts, a scroll of blinking, a +0
                  | leather armour; and the following spells available to
                  | memorise: Foxfire, Shock, Static Discharge, Stone Arrow,
                  | Inner Flame.
     0 | D:1      | Reached XP level 1. HP: 16/16 MP: 3/3
   369 | D:1      | Gained mutation: You may rarely emit foul miasma when
                  | damaged in melee. [demonic ancestry]
   369 | D:1      | Reached XP level 2. HP: 13/23 MP: 5/5
  1134 | D:1      | Reached skill level 1 in Dodging
  1580 | D:2      | Gained mutation: A weak demonic guardian rushes to your
                  | aid. [demonic ancestry]
  1580 | D:2      | Reached XP level 3. HP: 26/28 MP: 6/6
  1741 | D:2      | Reached skill level 3 in Fighting
  1741 | D:2      | Reached skill level 1 in Stealth
  2012 | D:3      | Found a faded altar of an unknown god.
  2036 | D:3      | Noticed Jessica
  2052 | D:3      | Killed Jessica
  2053 | D:3      | Reached skill level 1 in Shapeshifting
  2053 | D:3      | Gained mutation: You have sharp fingernails. [demonic
                  | ancestry]
  2053 | D:3      | Reached XP level 4. HP: 25/35 MP: 7/7
  2312 | D:3      | Found a transporter.
  2330 | D:3      | Found a transporter.
  2796 | D:3      | Killed from afar by an electric eel

Illustrated notes

Levels and vault maps discovered:
D:1:      lightli_iron_boxes, layout_basic, grunt_decor_cap, hex_tiny,
          minivault_27, fountainhead, chequers_jeans, roderic_nine_men_s_morris
D:2:      layout_rooms
D:3:      gammafunk_steamed_eel, layout_rooms, shapermc_ecumenical_altar_gd,
          hangedman_decor_points, chequers_serial_rivers_small_b, uniq_jessica

Skill      XL: |  1  2  3 |
---------------+----------+-----
Armour         | 2 |  2.0
Dodging        | 1 |  1.0
Fighting       | 3 |  3.6
Stealth        | 1 |  1.0
Shapeshifting  | 1 |  1.0
Throwing       | |  1.0
Unarmed Combat | |  0.6
Spellcasting   | |  2.0
Conjurations   | |  2.0
Fire Magic     | |  1.0
Evocations     | |  0.5

Action                     |  1- 3 |  4- 6 || total
---------------------------+-------+-------++-------
  Melee: Dagger            |   151 |       ||   151
         Punch             |     1 |       ||     1
         Mace              |    39 |       ||    39
         Short sword       |     5 |       ||     5
         Quarterstaff      |    13 |    42 ||    55
  Evoke: Wand              |       |     2 ||     2
    Use: Scroll            |     3 |       ||     3
         Potion            |     1 |       ||     1
   Stab: Sleeping          |     1 |     1 ||     2
 Armour: Leather armour    |    46 |       ||    46
         Robe              |    57 |    31 ||    88
  Dodge: Dodged            |   154 |    29 ||   183

Table legend: (Time is in decaauts)
 A = Elapsed time spent in this place.
 B = Non-inter-level travel time spent in this place.
 C = Inter-level travel time spent in this place.
 D = Time resting spent in this place.
 E = Time spent auto-exploring this place.
 F = Levels seen in this place.
 G = Mean time per level.
                   A        B        C        D        E       F      G
               +--------+--------+--------+--------+--------+-----+--------+
         Total |   2829 |   2706 |    123 |    370 |   1639 |   3 |  943.0 |
       Dungeon |   2829 |   2706 |    123 |    370 |   1639 |   3 |  943.0 |
               +--------+--------+--------+--------+--------+-----+--------+

Top non-repeatable levels by time:
     D:1: 1355 daAuts
     D:3: 859 daAuts
     D:2: 614 daAuts
